 Dungeon Crawl Stone Soup version 0.30.0-29-ga12c61a403 (webtiles) character file.

Game seed: 13405653450009359510

613 DemonSlayer the Magician (level 7, 0/47 HPs)
             Began as a Demonspawn Earth Elementalist on June 18, 2023.
             Slain by Pikel
             ... wielding a +1 whip of flaming
              (12 damage)
             ... on level 4 of the Dungeon.
             The game lasted 00:11:09 (4181 turns).

DemonSlayer the Magician (DsEE)                     Turns: 4181, Time: 00:11:09

Health: 0/47       AC:  3    Str:  9    XL:     7   Next: 20%
Magic:  1/14       EV: 14    Int: 16    God:
Gold:   239        SH:  6    Dex: 15    Spells: 5/15 levels left

rFire   + . .        q - +0 rapier
rCold   . . .        m - +2 buckler
rNeg    . . .        a - +0 robe
rPois   .            (no helmet)
rElec   .            (no cloak)
rCorr   +            f - +0 pair of gloves
SInv    .            (no boots)
Will    .....        (no amulet)
Stlth   ++           d - ring of protection from fire
HPRegen 0.27/turn    g - ring of resist corrosion
MPRegen 0.28/turn

%: no passive effects
@: flying, very slightly contaminated
A: repulsion field 1, magic regeneration, weakness stinger 1
a: no special abilities


You were on level 4 of the Dungeon.
You visited 1 branch of the dungeon, and saw 4 of its levels.

You collected 239 gold pieces.

Inventory:

Hand Weapons
 i - a +0 dagger
 q - a +0 rapier (weapon)
Armour
 a - a +0 robe (worn)
 f - a +0 pair of gloves (worn)
 m - a +2 buckler (worn)
Jewellery
 d - a ring of protection from fire (left hand)
 g - a ring of resist corrosion (right hand)
Wands
 t - a wand of flame (15)
Scrolls
 b - 2 scrolls of enchant weapon {unknown}
 c - 2 scrolls of poison
 e - a scroll of amnesia {unknown}
 h - a scroll of immolation {unknown}
 k - 2 scrolls of teleportation
 o - a scroll of blinking
 r - a scroll of fear {unknown}
Potions
 j - a potion of curing
 l - 2 potions of attraction


   Skills:
 + Level 0.5 Fighting
 + Level 0.5 Short Blades
 + Level 3.1 Dodging
 + Level 2.2 Stealth
 + Level 0.9 Shields
 + Level 4.9 Spellcasting
 + Level 1.0 Transmutations
 + Level 4.9 Earth Magic
 + Level 0.2 Evocations


You had 5 spell levels left.
You knew the following spells:

 Your Spells              Type           Power      Damage    Failure   Level
a - Sandblast             Erth           38%        2d10      3%          1
b - Passwall              Tmut/Erth      10%        N/A       11%         2
c - Stone Arrow           Conj/Erth      22%        3d8       26%         3
d - Petrify               Tmut/Erth      13%        N/A       56%         4

Your spell library contained the following spells:

 Spells                   Type           Power      Damage    Failure   Level


Dungeon Overview and Level Annotations

Branches:
Dungeon (4/15)
 Temple: D:4-7

Altars:
Fedhas
Uskayaw
Wu Jian

Shops:
D:1 =

Annotations:
D:4 Pikel


Innate Abilities, Weirdness & Mutations

You are surrounded by a mild repulsion field. (EV +2)
You regenerate magic rapidly.
You have a small tail.


Message History

You miscast Stone Arrow.
You are very lightly contaminated with residual magic.
Nothing appears to happen.
Pikel hits you with a +1 whip of flaming!
Pikel burns you.
You are out of magic!
You are out of magic!
You are out of magic!
You are out of magic!
It was a potion of flight.
You feel very buoyant.
You fly up into the air.
You block Pikel's attack.
You feel better.
Pikel says, "All the lords of Hell know my name!"
Pikel hits you with a +1 whip of flaming!
Pikel burns you.
You are too injured to fight recklessly!
Casting: Stone Arrow (dangerous; 26% risk of failure)
Confirm with . or Enter, or press ? or * to list all spells.
You don't have enough magic to cast this spell.
Unknown command.
Casting: Stone Arrow (dangerous; 26% risk of failure)
Confirm with . or Enter, or press ? or * to list all spells.
Aiming: Sandblast (safe; 3% risk of failure)
Press: ? - help, Shift-Dir - straight line, f/p - Pikel
Aim: Pikel, wielding a +1 whip of flaming and wearing a +0 robe (severely wounded, 77% to hit)
The blast of sand hits Pikel!
Pikel is almost dead.
You block Pikel's attack.
You hit Pikel.
Pikel is almost dead.
Pikel says, "Hell isn't that bad."
Pikel hits you with a +1 whip of flaming!
* * * LOW HITPOINT WARNING * * *
Pikel burns you.
* * * LOW HITPOINT WARNING * * *
You hit Pikel.
Your tail-slap misses Pikel.
Pikel is almost dead.
Pikel hits you with a +1 whip of flaming!
You die...

#.....#..........'...#.....
#####.....'..........#####.....
##....................# ##.....
#...#########.........#..#......
#..##..(##..###.......#..+......
##..#.#(#.##...#.......#..#......
....#..#(..#._.+...)...#..#......
##..#.#(#(##...#†......#..##.....
#..##.(.##..###@......#..##.....
#...#########.K.......#...#.....
##.............'......'<..#.....
#####......'..#......#)..+.....
##$...#####......#..##<....
#....#.....###'##÷.##.....
#.....#.....#...#...#......
#!....#.....#...#...#......
#.....#.....+...#...+......


You could see Pikel.

Vanquished Creatures
  Grinder (D:3)
  Sigmund (D:4)
  A lemure (D:4)
  2 hounds
  Natasha (thrice) (D:3)
  5 adders
  4 dart slugs
  4 orcs
  4 bats
  9 endoplasms
  A giant cockroach (D:2)
  6 goblins
  5 hobgoblins
  7 jackals
  2 quokkas
  8 ball pythons
  3 frilled lizards
  8 kobolds
  4 rats
78 creatures vanquished.

Notes
Turn   | Place    | Note
-------+----------+-------------------------------------------
     0 | D:1      | DemonSlayer the Demonspawn Earth Elementalist began the
                  | quest for the Orb.
     0 | D:1      | Reached XP level 1. HP: 13/13 MP: 3/3
    68 | D:1      | Reached skill level 1 in Transmutations
   177 | D:1      | Found Kicafycah's Jewellery Shop.
   298 | D:1      | Gained mutation: You regenerate magic rapidly. [demonic
                  | ancestry]
   298 | D:1      | Reached XP level 2. HP: 19/19 MP: 1/5
   961 | D:1      | Learned a level 2 spell: Passwall
  1105 | D:2      | Gained mutation: You are surrounded by a mild repulsion
                  | field. (EV +2) [demonic ancestry]
  1105 | D:2      | Reached XP level 3. HP: 24/24 MP: 2/6
  1524 | D:2      | Learned a level 3 spell: Stone Arrow
  1613 | D:2      | Reached XP level 4. HP: 30/30 MP: 6/8
  2433 | D:3      | Found an ornate altar of the Wu Jian Council.
  2469 | D:3      | Found a blossoming altar of Fedhas.
  2525 | D:3      | Noticed Grinder
  2540 | D:4      | Noticed Sigmund
  2636 | D:4      | Noticed a +0 falchion
  2636 | D:4      | Noticed a +0 dagger
  2638 | D:4      | Noticed a +0 spear
  2638 | D:4      | Noticed a +0 falchion
  2638 | D:4      | Noticed a +0 short sword
  2639 | D:4      | Noticed a +0 spear
  2639 | D:4      | Noticed a +0 short sword
  2640 | D:4      | Noticed a +0 dagger
  2646 | D:4      | Found a hide-covered altar of Uskayaw.
  2661 | D:4      | Noticed a lemure
  2802 | D:3      | Reached XP level 5. HP: 26/36 MP: 1/10
  2921 | D:3      | Noticed Natasha
  2930 | D:3      | Killed Natasha
  3110 | D:3      | Killed Grinder
  3110 | D:3      | Noticed Natasha
  3111 | D:3      | Reached XP level 6. HP: 25/42 MP: 6/12
  3114 | D:3      | Killed Natasha
  3185 | D:3      | Noticed Natasha
  3720 | D:3      | Learned a level 4 spell: Petrify
  3943 | D:3      | Killed Natasha
  4096 | D:4      | Noticed Pikel
  4142 | D:4      | Killed Sigmund
  4143 | D:4      | Gained mutation: You have a small tail. [demonic ancestry]
  4143 | D:4      | Reached XP level 7. HP: 43/47 MP: 11/14
  4181 | D:4      | Slain by Pikel

Illustrated notes

Levels and vault maps discovered:
D:1:      lightli_arrival_noodles, layout_loops_ring, serial_shops, shop,
          serial_forest, infiniplex_forest_straight_4,
          infiniplex_forest_diagonal, infiniplex_forest_lined_corner,
          infiniplex_forest_lined_room_2, infiniplex_forest_clump_diagonal,
          infiniplex_forest_side_room, infiniplex_forest_clump_small,
          infiniplex_forest_corner_1, infiniplex_forest_diagonal,
          infiniplex_forest_zigzag_1, minivault_26
D:2:      layout_loops_cross, minmay_tall_x
D:3:      layout_basic, mainiacjoe_overflow_two_lobes, minmay_starry_boxes,
          uniq_natasha, uniq_grinder
D:4:      layout_gridville, nicolae_uskayaw_en_pointe,
          lemuel_mausoleum_altar_yredelemnul, minmay_temple_entry_proselytizer,
          uniq_menkaure, uniq_sigmund, uniq_pikel

Skill      XL: |  1  2  3  4  5  6 |
---------------+-------------------+-----
Transmutations | 1 |  1.0
Earth Magic    | 3 4 |  4.9
Stealth        | 2 |  2.2
Dodging        | 2 3 |  3.1
Spellcasting   | 3 4 |  4.9
Fighting       | |  0.5
Short Blades   | |  0.5
Shields        | |  0.9
Evocations     | |  0.2

Action                     |  1- 3 |  4- 6 |  7- 9 || total
---------------------------+-------+-------+-------++-------
  Melee: Unarmed           |     1 |       |       ||     1
         Dagger            |    15 |    20 |       ||    35
         Rapier            |       |       |     2 ||     2
   Cast: Sandblast         |    64 |    97 |     1 ||   162
         Stone Arrow       |       |       |     4 ||     4
  Evoke: Wand              |       |     4 |     3 ||     7
    Use: Potion            |     2 |     2 |     2 ||     6
         Scroll            |       |     5 |       ||     5
   Stab: Sleeping          |     6 |     4 |       ||    10
 Armour: Robe              |    15 |    10 |       ||    25
  Dodge: Dodged            |    32 |    50 |     2 ||    84
  Block: Buckler           |    11 |    32 |     2 ||    45
